 Dungeon Crawl Stone Soup version 0.20-a0-892-gbf43aa3 (webtiles) character file.

973 CharlesBarkley the Poker (level 7, -1/62 HPs)
             Began as a White Draconian Berserker on Mar 17, 2017.
             Was a Believer of Trog.
             Slain by an orc
             ... wielding a +0 flail
              (7 damage)
             ... on level 7 of the Dungeon.
             The game lasted 00:29:59 (2694 turns).

CharlesBarkley the Poker (DrBe)                     Turns: 2694, Time: 00:30:00

Health: -1/62      AC:  6    Str: 20    XL:     7   Next: 94%
Magic:  7/7        EV: 14    Int:  7    God:    Trog [**....]
Gold:   237        SH:  0    Dex: 12    Spells: 6/6 levels left

rFire    + . .     SeeInvis .   m - +3 trident (flame)
rCold    . . .     Gourm    .   (armour unavailable)
rNeg     . . .     Faith    .   (no shield)
rPois    .         Spirit   .   (helmet restricted)
rElec    .         Reflect  .   k - scarf {repulsion}
rCorr    +         Harm     .   (no gloves)
MR       ++...                  (no boots)
Stlth    ++........             (no amulet)
Regen    1.2/turn               l - ring of resist corrosion
MPRegen  0.1/turn               g - ring of fire

@: regenerating, repel missiles
A: breathe frost, unfitting armour, cold resistance 1, cold-blooded, AC +6
a: Breathe Frost, Berserk, Trog's Hand, Burn Spellbooks, Renounce Religion


You were on level 7 of the Dungeon.
You worshipped Trog.
Trog was pleased with you.
You were near starving.

You visited 1 branch of the dungeon, and saw 7 of its levels.

You collected 237 gold pieces.

Inventory:

Hand Weapons
 m - a +3 trident of flaming (weapon)
 r - a +1 quarterstaff of pain
 u - the +7 Spriggan's Knife {MR+ EV+4 Dex+4 Stlth+}
   (You found it on level 7 of the Dungeon)

   It affects your evasion (+4).
   It affects your dexterity (+4).
   It affects your resistance to hostile enchantments.
   It makes you more stealthy.
Armour
 k - a scarf of repulsion (worn)
Jewellery
 g - a ring of fire (left hand)
 l - a ring of resist corrosion (right hand)
 p - an uncursed ring of ice {unknown}
 s - a cursed ring of loudness {unknown}
 t - an uncursed ring of stealth {unknown}
Wands
 a - a wand of confusion (24/48)
Scrolls
 f - 3 scrolls of remove curse
 o - 2 scrolls of magic mapping
Potions
 e - a potion of brilliance {unknown}
 h - 2 potions of flight
 i - a potion of might {unknown}
 j - a potion of ambrosia {unknown}
 n - 2 potions of lignification {unknown}
 q - a potion of degeneration {unknown}
Comestibles
 d - 2 meat rations


   Skills:
 + Level 5.7 Fighting
 + Level 7.1 Polearms
 + Level 5.0 Dodging
 - Level 1.0 Stealth


You had 6 spell levels left.
You didn't know any spells.

Dungeon Overview and Level Annotations

Branches:
Dungeon (7/15)             Temple (0/1) D:6

Altars:


Innate Abilities, Weirdness & Mutations

You can breathe waves of freezing cold.
You can buffet flying creatures when you breathe cold.
Your icy white scales are hard. (AC +6)
You cannot fit into any form of body armour.
Your flesh is cold resistant. (rC+)
You are cold-blooded and may be slowed by cold attacks.


Message History

You tail-slap the centaur, but do no damage.
The centaur is severely wounded.
The centaur barely misses you.
You barely miss the centaur.
The centaur is severely wounded.
The centaur misses you. The orc priest barely misses you.
The centaur completely misses you.
You hit the centaur. You burn the centaur.
The centaur is almost dead.
The centaur barely misses you. The orc priest misses you.
You barely miss the centaur. You tail-slap the centaur.
You kill the centaur!
Trog accepts your kill.
Your Dodging skill increases to level 5!
The orc priest hits you from afar with a trident.
* * * LOW HITPOINT WARNING * * *
Your skin crawls.
You feel resistant to hostile enchantments.
You feel somewhat more hungry. The orc hits you with a flail!
You die...

# .. ... .... ######### #######
..... #....##'## #.....##......
#.#####..# #....(†)).....
#....#...#########....)##...##.
#....#.....(....@o(..(.# ..#
##...##..##.....##o(...# ...
##...##'###.....#####'## ...
#.......<..(<.........>. ..
#........##.....##........ .
#....##..##.....# ...$##..
#....##..##............# '
#.........#.....##.....#
##...##..##.....# .


You could see an orc priest and an orc.

Vanquished Creatures
  A sky beast (D:7)
  2 centaurs
  A scorpion (D:6)
  3 howler monkeys (D:7)
  A bullfrog zombie (D:7)
  2 crimson imps
  A jelly (D:5)
  2 orc priests
  3 hounds
  4 orc wizards
  A worker ant (D:6)
  A howler monkey skeleton (D:4)
  5 adders
  2 worms (D:3)
  A dart slug (D:1)
  2 leopard geckos
  13 orcs
  A ball python (D:6)
  4 giant cockroaches
  5 goblins
  6 hobgoblins
  2 jackals (D:2)
  5 quokkas
  6 frilled lizards
  A jackal skeleton (D:4)
  A jackal zombie (D:5)
  2 kobolds
  A quokka skeleton (D:5)
  4 rats
83 creatures vanquished.

Notes
Turn   | Place    | Note
-------+----------+-------------------------------------------
     0 | D:1      | CharlesBarkley the Draconian Berserker began the quest for the Orb.
     0 | D:1      | Reached XP level 1. HP: 19/19 MP: 1/1
   179 | D:1      | Reached XP level 2. HP: 26/26 MP: 2/2
  1060 | D:3      | Reached XP level 3. HP: 13/31 MP: 3/3
  1151 | D:3      | Reached ** piety under Trog
  1293 | D:3      | Reached skill level 4 in Polearms
  1355 | D:3      | Reached XP level 4. HP: 19/40 MP: 4/4
  1868 | D:4      | Reached XP level 5. HP: 13/46 MP: 5/5
  1909 | D:5      | Entered Level 5 of the Dungeon
  2008 | D:5      | Reached skill level 5 in Polearms
  2052 | D:5      | Reached XP level 6. HP: 30/53 MP: 6/6
  2220 | D:6      | Found a staircase to the Ecumenical Temple.
  2261 | D:6      | Reached skill level 1 in Stealth
  2435 | D:6      | Reached skill level 6 in Polearms
  2436 | D:6      | Your scales start taking on an icy white colour.
  2436 | D:6      | Reached XP level 7. HP: 34/60 MP: 7/7
  2436 | D:6      | Gained mutation: Your flesh is cold resistant. (rC+) [White Draconian growth]
  2442 | D:6      | Reached skill level 5 in Fighting
  2577 | D:7      | Identified a scroll of acquirement
  2655 | D:7      | HP: 3/61 [orc wizard/dagger (1)]
  2688 | D:7      | Reached skill level 7 in Polearms
  2693 | D:7      | Reached skill level 5 in Dodging
  2694 | D:7      | Slain by an orc

Vault maps used:
D:1:      dpeg_arrival_short_road
D:2:      first_bread
D:3:      cheibrodos_helix_gallery
D:5:      serial_shops, shop, grunt_ministairs_12, minmay_misc_feat_diagonals
D:6:      minmay_temple_entry_water_ring
D:7:      minitemple, basic_altar, uniq_prince_ribbit1, uniq_pikel

Skill      XL: |  1  2  3  4  5  6  7 |
---------------+----------------------+-----
Dodging        | 3 4 5 |  5.0
Polearms       | 4 5 6 7 |  7.1
Fighting       | 4 5 |  5.7
Stealth        | 1 |  1.0

Action                   |  1- 3 |  4- 6 |  7- 9 || total
-------------------------+-------+-------+-------++-------
Melee: Spear             |   147 |    15 |       ||   162
       Tailslap          |    19 |    13 |     8 ||    40
       Trident           |       |   103 |    66 ||   169
Invok: Berserk           |       |     2 |     1 ||     3
       Trog's Hand       |       |     3 |     2 ||     5
 Abil: Breathe Frost     |       |       |     1 ||     1
  Use: Scroll            |     4 |     6 |     2 ||    12
       Potion            |     1 |     1 |     3 ||     5
 Stab: Sleeping          |     2 |       |       ||     2
  Eat: Bread ration      |     1 |     1 |       ||     2
Armor: Skin              |    30 |    25 |    21 ||    76
Dodge: Dodged            |    74 |    74 |    49 ||   197
       Deflected         |       |     5 |     4 ||     9
